 Dungeon Crawl Stone Soup version 0.20-a0-492-g6327889 (webtiles) character file.

1650 Duffy the Chopper (level 8, -3/58 HPs)
             Began as a Demonspawn Chaos Knight on Jan 15, 2017.
             Slain by PeterLawrence's ghost (5 damage)
             ... in an ossuary.
             The game lasted 00:05:58 (5525 turns).

Duffy the Chopper (Demonspawn Chaos Knight)         Turns: 5525, Time: 00:05:59

Health: -3/58      AC: 12    Str: 12    XL:     8   Next: 67%
Magic:  10/10      EV:  6    Int: 11    God:    Xom [...*..]
Gold:   1014       SH:  0    Dex: 14    Spells: 7/7 levels left

rFire    . . .     SeeInvis .   v - +0 broad axe
rCold    . . .     Gourm    .   f - +0 chain mail
rNeg     . . .     Faith    .   (no shield)
rPois    .         Spirit   .   (helmet restricted)
rElec    .         Reflect  .   (no cloak)
rCorr    .         Harm     .   i - +0 pair of gloves
MR       .....                  (no boots)
Stlth    ..........             (no amulet)
Regen    0.1/turn               (no ring)
                                y - +1 ring of protection

@: very slightly contaminated, hasted, invisible, very quick
A: horns 2, blurry vision 1, dopey 1, weak 1, rot immunity
a: Renounce Religion


You were in an ossuary.
You worshipped Xom.
You were a favourite toy of Xom.
You were very full.

You visited 2 branches of the dungeon, and saw 7 of its levels.
You also visited: Ossuary.

You collected 1014 gold pieces.

Inventory:

Hand Weapons
 a - a +0 hand axe of chaos
 r - a +0 hand axe
 v - a +0 broad axe (weapon)
 w - a +0 war axe
Armour
 b - a +2 leather armour
 f - a +0 chain mail (worn)
 i - a +0 pair of gloves (worn)
Jewellery
 y - a +1 ring of protection (left hand)
Wands
 m - a wand of flame (21/48)
 q - a wand of iceblast (13/15)
Scrolls
 d - a scroll of immolation
 h - 3 scrolls of remove curse
 j - a scroll of teleportation {unknown}
 t - a scroll of fear
 u - a scroll of enchant armour {unknown}
 x - a scroll of magic mapping {unknown}
 z - a scroll of identify
 B - a scroll of holy word {unknown}
Potions
 g - a potion of haste
 k - 2 potions of ambrosia
 l - 2 potions of heal wounds
 o - 3 potions of curing
 s - a potion of flight
Comestibles
 c - 3 bread rations
 p - a royal jelly
 A - 2 fruits


   Skills:
 + Level 3.1 Fighting
 + Level 7.7 Axes
 + Level 6.7 Armour
 - Level 0.8 Dodging
 - Level 2.8 Evocations


You had 7 spell levels left.
You didn't know any spells.

Dungeon Overview and Level Annotations

Branches:
Dungeon (6/15)             Temple (1/1) D:6

Altars:
Trog
Xom
The Shining One

Annotations:
Ossuary PeterLawrence's ghost, novice GrFi


Innate Abilities, Weirdness & Mutations

You have a pair of horns on your head.
You are immune to rotting.
Scrolls take you a little longer to read.
You are dopey. (Int -2)
You are weak. (Str -2)


Message History

PeterLawrence's ghost is moderately damaged.
PeterLawrence's ghost hits you but does no damage.
Your crimson imp hits PeterLawrence's ghost but does no damage.
Your iron imp completely misses PeterLawrence's ghost.
You feel much better.
You hit PeterLawrence's ghost.
PeterLawrence's ghost is moderately damaged.
You closely miss PeterLawrence's ghost.
PeterLawrence's ghost is moderately damaged.
PeterLawrence's ghost hits you!
Your crimson imp hits PeterLawrence's ghost but does no damage.
Your chain mail prevents you from hitting PeterLawrence's ghost.
PeterLawrence's ghost is moderately damaged.
PeterLawrence's ghost hits you!
Your crimson imp hits PeterLawrence's ghost but does no damage.
Your iron imp hits PeterLawrence's ghost but does no damage.
You hit PeterLawrence's ghost but do no damage.
PeterLawrence's ghost is moderately damaged.
PeterLawrence's ghost hits you.
You die...

#..########
#..'.#....#
#..#.#....#
#..#.'....#
#..###....#
#..'.###########
#..#.#....#....#
#..#.#....#....#
#.@###....#....#
#.W'.'....#....#
#55#.#######'###
#..#...#...#...#
#..#####'###'###'##
#..................
#\.................
###################


You could see PeterLawrence's ghost, a friendly iron imp and a friendly crimson
imp.

Vanquished Creatures
  A hungry ghost (D:3)
  A sky beast (D:5)
  2 ogres (D:5)
  A wolf (Temple)
  A centaur (D:5)
  2 bullfrogs (D:6)
  2 scorpions
  A howler monkey (D:6)
  2 centaur zombies (Ossuary)
  4 orc priests
  A bullfrog skeleton (D:5)
  8 orc wizards
  An iguana (D:5)
  Terence (D:3)
  A worker ant (D:4)
  An ogre zombie (Ossuary)
  2 mummies (Ossuary)
  Robin (D:3)
  2 adders
  2 oozes
  4 adder zombies (Ossuary)
  3 worms
  A dart slug (D:2)
  4 leopard geckos
  24 orcs
  A ball python (D:2)
  4 giant cockroaches
  16 goblins
  11 hobgoblins
  8 jackals
  3 quokkas (D:4)
  5 bats
  A frilled lizard (shapeshifter) (D:3)
  6 frilled lizards
  2 gnoll zombies (Ossuary)
  A goblin zombie (Ossuary)
  3 hobgoblin zombies (Ossuary)
  10 kobolds
  A kobold zombie (Ossuary)
  2 quokka zombies (Ossuary)
  7 rats
  3 rat zombies (Ossuary)
157 creatures vanquished.

Vanquished Creatures (collateral kills)
  A phantom (D:6)
  A howler monkey (D:4)
2 creatures vanquished.

Vanquished Creatures (others)
  A wizard (D:3)
1 creature vanquished.

Grand Total: 160 creatures vanquished

Notes
Turn   | Place    | Note
-------+----------+-------------------------------------------
     0 | D:1      | Duffy the Demonspawn Chaos Knight began the quest for the Orb.
     0 | D:1      | Reached XP level 1. HP: 18/18 MP: 1/1
    61 | D:1      | Reached skill level 3 in Axes
   110 | D:1      | XOM: harmless Hex miscast
   120 | D:1      | Gained mutation: You have a pair of small horns on your head. [demonic ancestry]
   120 | D:1      | Reached XP level 2. HP: 23/24 MP: 2/2
   221 | D:1      | XOM is BORED!
   221 | D:1      | XOM: harmless Erth miscast
   341 | D:1      | XOM: silly message
   588 | D:2      | XOM: harmless Chrm miscast
   625 | D:2      | XOM: divination: detect creatures
   691 | D:2      | XOM: silly message
   692 | D:2      | Gained mutation: You are immune to rotting. [demonic ancestry]
   692 | D:2      | Reached XP level 3. HP: 26/29 MP: 3/3
   825 | D:2      | Reached skill level 4 in Axes
  1125 | D:3      | Gained mutation: You have a pair of horns on your head. [demonic ancestry]
  1125 | D:3      | Reached XP level 4. HP: 31/35 MP: 4/4
  1274 | D:3      | Reached XP level 5. HP: 40/41 MP: 5/5
  1280 | D:3      | Noticed Robin
  1300 | D:3      | Killed Robin
  1510 | D:3      | Noticed Terence
  1528 | D:3      | Killed Terence
  1528 | D:3      | Reached skill level 5 in Axes
  1557 | D:3      | Found a bloodstained altar of Trog.
  1558 | D:3      | Noticed a wizard
  1564 | D:3      | Killed a wizard
  1612 | D:3      | Noticed a hungry ghost
  1628 | D:3      | Killed a hungry ghost
  1628 | D:3      | Reached XP level 6. HP: 43/47 MP: 6/6
  1635 | D:3      | XOM: god gift: 46 gold pieces
  1774 | D:3      | XOM: polymorph quokka -> kobold
  2086 | D:4      | XOM: summons 6 friendly demons
  2250 | D:4      | XOM: butterfly on damage
  2251 | D:4      | XOM: cleaving
  2514 | D:4      | XOM: cast spell 'Ice Form'
  2518 | D:4      | XOM: confuse monster(s)
  2519 | D:4      | XOM: enchant monster (good)
  2765 | D:4      | Found a glowing golden altar of the Shining One.
  2991 | D:5      | Entered Level 5 of the Dungeon
  3015 | D:5      | Reached XP level 7. HP: 40/52 MP: 7/7
  3066 | D:5      | XOM: scenery: create altars
  3077 | D:5      | XOM: cleaving
  3083 | D:5      | Reached skill level 6 in Axes
  3349 | D:5      | XOM is BORED!
  3349 | D:5      | XOM: summons 1 hostile demon
  3509 | D:5      | Reached skill level 5 in Armour
  3702 | D:5      | XOM: 1-stop teleportation journey
  3779 | D:5      | XOM: summons 7 friendly demons
  3913 | D:5      | XOM: 4-stop teleportation journey
  3969 | D:5      | XOM: give mutations
  3969 | D:5      | Gained mutation: Scrolls take you a little longer to read. [Xom's mischief]
  3969 | D:5      | Gained mutation: You are dopey. (Int -2) [Xom's mischief]
  3969 | D:5      | Gained mutation: You are weak. (Str -2) [Xom's mischief]
  4253 | D:5      | Reached XP level 8. HP: 58/58 MP: 8/8
  4306 | D:5      | Reached skill level 7 in Axes
  4421 | D:6      | XOM: god gift: 860 gold pieces
  4422 | D:6      | Reached skill level 1 in Evocations
  4468 | D:6      | Found a staircase to the Ecumenical Temple.
  4484 | D:6      | XOM: polymorph orc wizard -> wolf
  4490 | Temple   | Entered the Ecumenical Temple
  4679 | D:6      | XOM: summons friendly white imp
  4742 | D:6      | XOM: scenery: create altars
  4794 | D:6      | Found a sand-covered staircase.
  4970 | Ossuary  | Entered an ossuary
  4994 | Ossuary  | XOM: 6-stop teleportation journey
  5396 | Ossuary  | XOM: noise
  5490 | Ossuary  | Noticed PeterLawrence's ghost (novice GrFi)
  5497 | Ossuary  | XOM: confusion
  5499 | Ossuary  | XOM: harmless Ice miscast
  5503 | Ossuary  | XOM: smoke on damage
  5507 | Ossuary  | XOM: noise
  5508 | Ossuary  | XOM: summons friendly crimson imp
  5515 | Ossuary  | XOM: summons friendly iron imp
  5524 | Ossuary  | HP: 2/58 [PeterLawrence's ghost (4)]
  5525 | Ossuary  | Slain by PeterLawrence's ghost

Vault maps used:
D:1:      lightli_arrival_maybe_door_vault
D:3:      trog_wizard, uniq_robin, uniq_terence
D:4:      tso_metal_star
D:5:      first_bread
D:6:      chequers_ossuary_entry_cave
Temple:   minmay_temple_forest_path
Ossuary:  ossuary_boxes_badplayer

Skill      XL: |  1  2  3  4  5  6  7  8 |
---------------+-------------------------+-----
Axes           | 3 4 5 6 7 |  7.7
Armour         | 2 3 4 5 6 |  6.7
Evocations     | 2 |  2.8
Fighting       | |  3.1
Dodging        | |  0.8

Action                   |  1- 3 |  4- 6 |  7- 9 || total
-------------------------+-------+-------+-------++-------
Melee: Hand axe          |    97 |   154 |       ||   251
       Headbutt          |    10 |    28 |    31 ||    69
       War axe           |       |    16 |    44 ||    60
       Unarmed           |       |     6 |       ||     6
       Broad axe         |       |       |   167 ||   167
  Use: Scroll            |     3 |     4 |     4 ||    11
       Potion            |       |       |     3 ||     3
 Stab: Sleeping          |     1 |       |       ||     1
       Paralysed         |     1 |       |       ||     1
       Petrified         |       |     7 |       ||     7
       Confused          |       |     1 |       ||     1
  Eat: Chunk             |     1 |     8 |     7 ||    16
       Meat ration       |       |       |     2 ||     2
Armor: Leather armour    |    34 |       |       ||    34
       Chain mail        |     2 |    94 |   159 ||   255
       Skin              |       |     2 |       ||     2
Dodge: Dodged            |    65 |    44 |    56 ||   165
